 Seeded DCSS version 0.29.1-12-g30fa7ad0bf (webtiles) character file.

Game seed: 10617039283874685323 (custom seed)

590 GigaChad the Chopper (level 7, -3/61 HPs)
             Began as a Minotaur Fighter on Jan 12, 2023.
             Slain by an ogre
             ... wielding a +0 giant club
              (17 damage)
             ... on level 5 of the Dungeon on Jan 15, 2023.
             The game lasted 00:08:21 (4391 turns).

GigaChad the Chopper (Minotaur Fighter)             Turns: 4391, Time: 00:08:21

Health: -3/61      AC: 12    Str: 23    XL:     7   Next: 15%
Magic:  6/6        EV:  7    Int:  5    God:
Gold:   138        SH: 10    Dex: 15    Spells: 6/6 levels left

rFire   . . .      SeeInvis .   a - +0 war axe
rCold   . . .      Faith    .   c - +0 buckler
rNeg    . . .      Spirit   .   w - +0 plate armour
rPois   .          Reflect  +   (helmet restricted)
rElec   .          Harm     .   (no cloak)
rCorr   .          Rampage  .   (no gloves)
Will    .....                   (no boots)
Stlth   ..........              s - amulet of reflection
HPRegen 0.20/turn               j - +6 ring of dexterity
MPRegen 0.10/turn               (no ring)

@: no status effects
A: horns 2, retaliatory headbutt
a: no special abilities


You were on level 5 of the Dungeon.
You visited 1 branch of the dungeon, and saw 5 of its levels.

You collected 138 gold pieces.

Inventory:

Hand Weapons
 a - a +0 war axe (weapon)
Armour
 b - a +0 scale mail
 c - a +0 buckler (worn)
 i - a +1 chain mail
 o - a +0 chain mail
 w - a +0 plate armour (worn)
Jewellery
 j - a +6 ring of dexterity (left hand)
 k - an amulet of magic regeneration
 l - a ring of resist corrosion
 s - an amulet of reflection (around neck)
 t - a ring of willpower
Wands
 r - a wand of flame (23)
 u - a wand of digging (6)
Scrolls
 m - a scroll of silence
 n - 3 scrolls of identify {unknown}
 q - a scroll of fog {unknown}
 x - 3 scrolls of blinking {unknown}
Potions
 d - a potion of might
 e - a potion of ambrosia {unknown}
 f - 2 potions of curing {unknown}
 g - a potion of degeneration {unknown}
 h - 2 potions of mutation {unknown}
 p - a potion of heal wounds {unknown}
 v - 2 potions of attraction {unknown}


   Skills:
 + Level 5.0 Fighting
 + Level 6.0 Axes
 + Level 5.6 Armour
 + Level 1.5 Dodging
 + Level 1.3 Stealth
 + Level 5.1 Shields


You had 6 spell levels left.
You didn't know any spells.
Your spell library contained the following spells:

 Spells                   Type           Power      Damage    Failure   Level
 Foxfire                  Conj/Fire      0%         2x1d4     100%        1
 Conjure Flame            Conj/Fire      0%         6-21      100%        3
 Dazzling Flash           Conj/Hex       0%         N/A       100%        3
 Inner Flame              Hex/Fire       0%         N/A       100%        3
 Flame Wave               Conj/Fire      0%         2d4       100%        4
 Iskenderun's Mystic Bla  Conj/Tloc      0%         2d3       100%        4
 Starburst                Conj/Fire      0%         6d3       100%        6


Dungeon Overview and Level Annotations

Branches:
Dungeon (5/15)
 Temple: D:4-7

Altars:

Shops:
D:3 (


Innate Abilities, Weirdness & Mutations

You have a pair of horns on your head.
You reflexively headbutt those who attack you in melee.


Message History

The jelly is severely wounded.
The jelly closely misses you.
Unknown command.
Unknown command.
You completely miss the jelly. Your headbutt misses the jelly.
The jelly is severely wounded.
You block the jelly's attack.
You slash the jelly!
You kill the jelly!
You are no longer corroded.
Key pressed, stopping explore.
Found a dagger.
You see here a +0 leather armour.
A hound comes into view.
The hound barks!
A hound is nearby!
A hound is nearby!
The hound stops to sniff the ground.
The hound bites you but does no damage.
You slash the hound!
You kill the hound!
Your Stealth skill increases to level 1!
An adder comes into view.
The adder hisses angrily.
An ogre comes into view. It is wielding a +0 giant club.
You see here a hound corpse.
The ogre shouts!
Found a scroll labelled OLIAXT BURE.
You block the adder's attack. The adder closely misses you.
You closely miss the adder. Your headbutt misses the adder. You hit the ogre.
The adder completely misses you. You block the ogre's attack.
You slash the adder!
You kill the adder!
You hit the ogre.
The ogre hits you with a +0 giant club!!
Your Axes skill increases to level 6!
The ogre hits you with a +0 giant club!!
* * * LOW HITPOINT WARNING * * *
The ogre hits you with a +0 giant club!
You die...

#..........
..........## #
#..........# #
....?......# #
#..........# #
#..........# #
#..........# #
######......@.#
#
#...###.....O##
# #.#.#
#####..#
#####.#.# #..#
.##...#.# #..#
.##.###.# #†.#
÷÷#.# #.## #..#
#...# #..##
#..# ##..#
##..# ##..#


You could see an ogre.

Vanquished Creatures
  Eustachio (D:4)
  2 scorpions (D:5)
  2 hounds
  3 jellies (D:5)
  Ijyb (D:5)
  2 iguanas (D:5)
  5 adders
  2 dart slugs
  2 worms (D:2)
  2 orcs
  5 endoplasms
  6 giant cockroaches
  4 goblins
  9 hobgoblins
  2 jackals (D:2)
  2 quokkas
  5 ball pythons (D:2)
  7 bats
  2 frilled lizards
  6 kobolds
  A rat (D:1)
71 creatures vanquished.

Vanquished Creatures (others)
  A plant (D:3)
1 creature vanquished.

Grand Total: 72 creatures vanquished

Notes
Turn   | Place    | Note
-------+----------+-------------------------------------------
     0 | D:1      | GigaChad the Minotaur Fighter began the quest for the Orb.
     0 | D:1      | Reached XP level 1. HP: 19/19 MP: 0/0
   285 | D:1      | Reached XP level 2. HP: 27/27 MP: 1/1
   654 | D:1      | Reached skill level 3 in Axes
  1054 | D:2      | Reached XP level 3. HP: 31/33 MP: 2/2
  2471 | D:3      | Reached XP level 4. HP: 37/41 MP: 3/3
  2846 | D:3      | Found Wiesodep's Weapon Shop.
  2958 | D:3      | Found a faded altar of an unknown god.
  3353 | D:4      | Noticed Eustachio
  3366 | D:4      | Killed Eustachio
  3367 | D:4      | Reached skill level 4 in Axes
  3367 | D:4      | Reached XP level 5. HP: 24/47 MP: 4/4
  3656 | D:4      | Reached skill level 5 in Armour
  3656 | D:4      | Reached skill level 1 in Dodging
  3746 | D:5      | Entered Level 5 of the Dungeon
  3774 | D:5      | Noticed Ijyb
  3787 | D:5      | Killed Ijyb
  3788 | D:5      | Reached XP level 6. HP: 49/53 MP: 5/5
  3794 | D:5      | Reached skill level 5 in Axes
  4085 | D:5      | Reached skill level 5 in Shields
  4086 | D:5      | Reached skill level 5 in Fighting
  4086 | D:5      | Reached XP level 7. HP: 39/61 MP: 6/6
  4383 | D:5      | Reached skill level 1 in Stealth
  4389 | D:5      | Reached skill level 6 in Axes
  4391 | D:5      | Slain by an ogre

Illustrated notes

Levels and vault maps discovered:
D:1:      lightli_arrival_maybe_door_vault, layout_loops_corners,
          minmay_misc_feat_tower
D:2:      layout_basic
D:3:      layout_loops_ring, shapermc_ecumenical_altar_mp_ritualfount,
          serial_shops, nicolae_shop_bloodbath_and_beyond, wad_floor_pattern_2
D:4:      layout_cave_pools, uniq_eustachio
D:5:      minmay_evil_eye, layout_rooms, uniq_ijyb

Skill      XL: |  1  2  3  4  5  6  7 |
---------------+----------------------+-----
Fighting       | 4 5 |  5.0
Shields        | 4 5 |  5.1
Axes           | 3 4 5 6 |  6.0
Armour         | 4 5 |  5.6
Dodging        | 1 |  1.5
Stealth        | 1 |  1.3

Action                   |  1- 3 |  4- 6 |  7- 9 || total
-------------------------+-------+-------+-------++-------
Melee: War axe           |    79 |    71 |     7 ||   157
       Headbutt          |    11 |    11 |     1 ||    23
  Use: Scroll            |     3 |     1 |       ||     4
Armor: Scale mail        |    37 |       |       ||    37
       Chain mail        |    20 |    38 |       ||    58
       Plate armour      |       |    13 |     1 ||    14
Dodge: Dodged            |    47 |    20 |     4 ||    71
Block: Buckler           |    27 |    39 |     4 ||    70
